 Dungeon Crawl Stone Soup version 0.22-a0-618-gd6a3efe (webtiles) character file.

4636 Amnesiac the Geomancer (level 10, -2/63 HPs)
             Began as a Mummy Earth Elementalist on July 14, 2018.
             Was a Believer of Ashenzari.
             Hit by a stone thrown by an orc warrior (9 damage)
             ... on level 9 of the Dungeon.
             The game lasted 00:18:35 (10130 turns).

Amnesiac the Geomancer (Mummy Earth Elementalist)  Turns: 10130, Time: 00:18:37

Health: -2/63      AC:  7    Str: 14    XL:     10   Next: 20%
Magic:  0/24       EV: 12    Int: 19    God:    Ashenzari [**....]
Gold:   648        SH:  5    Dex: 12    Spells: 14/29 levels left

rFire    + . .     SeeInvis .   b - staff of earth
rCold    . . .     Gourm    .   k - +0 buckler
rNeg     + + +     Faith    .   B - +2 robe {MR+}
rPois    ∞         Spirit   .   q - +0 helmet
rElec    +         Reflect  .   p - +0 cloak
rCorr    .         Harm     .   j - +0 pair of gloves
MR       ++...                  (no boots)
Stlth    ++........             (no amulet)
HPRegen  0.20/turn              c - ring "Zyl Vamu" {rElec rPois rF+ Int-2}
MPRegen  0.19/turn              y - ring of Ybiunn {Fire Str+2 Int+3}

@: no status effects
A: no food or potions, fire vulnerability, cold resistance 1, negative energy
resistance 3, torment resistance, unbreathing
a: Curse Item, Scrying, Renounce Religion


You were on level 9 of the Dungeon.
You worshipped Ashenzari.
Ashenzari was pleased with you.
You were not hungry.

You visited 2 branches of the dungeon, and saw 10 of its levels.
You also visited: Ossuary.

You collected 648 gold pieces.

Inventory:

Hand Weapons
 a - a +0 dagger of venom
 x - a +0 blowgun
 C - a +2 dagger of speed
 F - a +0 dagger of flaming
Missiles
 n - 5 curare-tipped needles
 A - 47 stones (quivered)
Armour
 j - a +0 pair of gloves (worn)
 k - a +0 buckler (worn)
 p - a +0 cloak (worn)
 q - a +0 helmet (worn)
 B - a +2 robe of magic resistance (worn)
 G - the +4 scale mail of the Cricket {rC- MR+ rCorr}
   (You took it off an orc on level 9 of the Dungeon)

   It makes you vulnerable to cold.
   It affects your resistance to hostile enchantments.
   It provides partial protection from all sources of acid and corrosion.
Magical Staves
 b - an uncursed staff of earth (weapon)
 D - an uncursed staff of energy
Jewellery
 c - the ring "Zyl Vamu" (left hand) {rElec rPois rF+ Int-2}
   (You found it on level 7 of the Dungeon)

   [ring of protection from fire]

   It affects your intelligence (-2).
   It protects you from fire.
   It insulates you from electricity.
   It protects you from poison.
 f - an uncursed ring of resist corrosion
 r - an uncursed ring of flight
 y - the ring of Ybiunn (right hand) {Fire Str+2 Int+3}
   (You found it on level 6 of the Dungeon)

   [ring of fire]

   It enhances your fire magic.
   It affects your strength (+2).
   It affects your intelligence (+3).
   It protects you from fire.
   It makes you vulnerable to cold.
Wands
 l - a wand of flame (27)
 s - a wand of paralysis (5)
 z - a wand of random effects (32)
Scrolls
 d - 3 scrolls of enchant weapon {!r, unknown}
 e - 21 scrolls of identify {!r, unknown}
 g - 6 scrolls of remove curse {!r}
 h - a scroll of blinking {!r, unknown}
 i - 4 scrolls of teleportation {!r, unknown}
 m - a scroll of immolation {!r, unknown}
 o - a scroll of fog {!r, unknown}
 t - a scroll of brand weapon {!r, unknown}
 u - 2 scrolls of torment {!r, unknown}
 v - a scroll of vulnerability {!r, unknown}
 w - a scroll of magic mapping {!r, unknown}
 E - a scroll of noise {!r, unknown}
Miscellaneous
 H - a box of beasts


   Skills:
 * Level 1.2 Short Blades
 - Level 1.5 Dodging
 + Level 1.6 Stealth
 - Level 4.0 Shields
 - Level 10.0 Spellcasting
 - Level 0.7 Transmutations
 - Level 10.0 Earth Magic


You had 14 spell levels left.
You knew the following spells:

 Your Spells              Type           Power        Failure   Level  Hunger
a - Stone Arrow           Conj/Erth      #####.       2%          3    N/A
b - Passwall              Tmut/Erth      #####...     1%          2    N/A
c - Sandblast             Erth           ######       1%          1    N/A
d - Lee's Rapid Deconstr  Erth           ######....   3%          5    N/A
e - Petrify               Tmut/Erth      #####...     9%          4    N/A

Your spell library contained the following spells:

 Spells                   Type           Power        Failure   Level  Hunger
 Mephitic Cloud           Conj/Pois/Air  #.......     22%         3    N/A
 Sting                    Conj/Pois      #...         8%          1    N/A
 Ignite Poison            Fire/Tmut/Pois ###.....     21%         3    N/A
 Alistair's Intoxication  Tmut/Pois      ##......     87%         5    N/A
 Poisonous Vapours        Pois/Air       #.....       11%         2    N/A

Dungeon Overview and Level Annotations

Branches:
Dungeon (9/15)             Temple (1/1) D:4
   Lair: D:8-11         Orc: D:9-12

Altars:
Ashenzari
Cheibriados
Dithmenos
Elyvilon
Fedhas
Hepliaklqana
Kikubaaqudgha
Makhleb
Nemelex Xobeh
Okawaru
Ru
Sif Muna
Trog
Uskayaw
Vehumet
Wu Jian
Xom
Yredelemnul
Zin
The Shining One

Shops:
D:9 :


Innate Abilities, Weirdness & Mutations

You do not eat or drink.
Your flesh is vulnerable to fire.
You are immune to poison.
Your flesh is cold resistant. (rC+)
You are immune to negative energy. (rN+++)
You are immune to unholy pain and torment.
You can survive without breathing.


Message History

The orc warrior throws a stone.
The stone hits you but does no damage.
Casting: Stone Arrow (safe; 2% risk of failure)
Confirm with . or Enter, or press ? or * to list all spells.
Aiming: Stone Arrow (safe; 2% risk of failure)
Press: ? - help, Shift-Dir - straight line, f - orc warrior
Aim: an orc warrior, wielding a scimitar and wearing a chain mail You feel a surge of power!
The stone arrow hits the orc warrior.
The orc warrior is heavily wounded.
The orc warrior throws a stone.
You block the stone.
Casting: Stone Arrow (safe; 2% risk of failure)
Confirm with . or Enter, or press ? or * to list all spells.
You don't have enough magic to cast that spell.
Casting: Stone Arrow (safe; 2% risk of failure)
Confirm with . or Enter, or press ? or * to list all spells.
You don't have enough magic to cast that spell.
Casting: Stone Arrow (safe; 2% risk of failure)
Confirm with . or Enter, or press ? or * to list all spells.
You don't have enough magic to cast that spell.
A - 50 stones (gained 2)
The orc warrior throws a stone.
The stone barely misses you.
Casting: Stone Arrow (safe; 2% risk of failure)
Confirm with . or Enter, or press ? or * to list all spells.
Aiming: Sandblast (safe; 1% risk of failure)
Press: ? - help, Shift-Dir - straight line, f/p - orc warrior
Aim: an orc warrior, wielding a scimitar and wearing a chain mail (moderately wounded)
You feel a surge of power!
The blast of sand hits the orc warrior.
The orc warrior is moderately wounded.
A - 49 stones The orc warrior throws a stone.
The stone hits you!
Casting: Sandblast (safe; 1% risk of failure)
Confirm with . or Enter, or press ? or * to list all spells.
Aiming: Sandblast (safe; 1% risk of failure)
Press: ? - help, Shift-Dir - straight line, f/p - orc warrior
Aim: an orc warrior, wielding a scimitar and wearing a chain mail (moderately wounded)
You feel a surge of power!
The blast of sand hits the orc warrior.
The orc warrior is severely wounded.
A - 48 stones The orc warrior throws a stone.
The stone hits you!
* * * LOW HITPOINT WARNING * * *
Casting: Sandblast (safe; 1% risk of failure)
Confirm with . or Enter, or press ? or * to list all spells.
Aiming: Sandblast (safe; 1% risk of failure)
Press: ? - help, Shift-Dir - straight line, f/p - orc warrior
Aim: an orc warrior, wielding a scimitar and wearing a chain mail (severely wounded)
You feel a surge of power!
The blast of sand misses the orc warrior.
A - 47 stones The orc warrior throws a stone.
The stone hits you!!
* * * LOW HITPOINT WARNING * * *
That item cannot be evoked!
Evoke which item? (* to show all) (? for menu, Esc to quit)
Aiming: Paralyse
Press: ? - help, Shift-Dir - straight line, f/p - orc warrior
Aim: an orc warrior, wielding a scimitar and wearing a chain mail (severely wounded, chance to defeat MR: 46%)
The orc warrior resists with some effort.
Evoke which item? (* to show all) (? for menu, Esc to quit)
Aiming: Paralyse
Press: ? - help, Shift-Dir - straight line, f/p - orc warrior
Aim: an orc warrior, wielding a scimitar and wearing a chain mail (severely wounded, chance to defeat MR: 46%)
The orc warrior resists with some effort.
The orc warrior barely misses you.
Okay, then.
The orc warrior throws a stone.
The stone hits you!
You die...

#############
#...?.......#
#...........#
###........(..#
..............# **
##....(......# ,,. *
#......(..).######....,*
....).........o(@..(....
######.######.##########
* #....# #..# , ,
###'###* ##.######*,* ,
* * ......## #......#
....)..#######......# ,
...................)#* *
#####......>..#.##.... ,
* ..,,#.........#.#*....
, ,


You could see an orc warrior.

Vanquished Creatures
  A two-headed ogre (D:8)
  Pikel (D:6)
  Maurice (D:8)
  A human (D:8)
  A soldier ant (D:6)
  2 orc warriors (D:8)
  2 ice beasts
  2 ogres
  4 slaves
  A sky beast (D:5)
  A necrophage (D:7)
  2 centaurs
  A big kobold (D:6)
  3 bullfrogs
  A wyvern zombie (D:8)
  A wyvern skeleton (D:6)
  2 water moccasin skeletons (D:6)
  3 scorpions
  3 killer bees (D:5)
  3 wights (D:8)
  An electric eel (D:8)
  2 bullfrog zombies
  4 crimson imps
  A quasit (D:7)
  3 hounds
  A jelly (D:8)
  A human zombie (Ossuary)
  A centaur skeleton (D:6)
  A gnoll shaman (D:7)
  An orc priest (D:6)
  4 orc wizards
  A bullfrog skeleton (D:6)
  2 iguanas
  6 worker ants
  A hound zombie (D:6)
  3 mummies (Ossuary)
  A howler monkey zombie (D:5)
  A worker ant zombie (D:6)
  A howler monkey skeleton (D:5)
  9 adders
  7 gnolls
  2 river rats (D:3)
  4 oozes
  5 adder zombies
  4 adder skeletons
  6 worms
  2 dart slugs
  6 leopard geckos
  15 orcs
  A ball python (D:1)
  5 giant cockroaches
  9 goblins
  7 hobgoblins
  3 jackals (D:6)
  15 kobolds
  4 quokkas
  9 bats
  5 frilled lizards
  5 goblin zombies (Ossuary)
  3 hobgoblin zombies (Ossuary)
  A kobold zombie (Ossuary)
  A leopard gecko skeleton (D:6)
  3 leopard gecko zombies
  2 quokka skeletons
  2 quokka zombies
  4 rats
  4 rat zombies (Ossuary)
215 creatures vanquished.

Notes
Turn   | Place    | Note
-------+----------+-------------------------------------------
     0 | D:1      | Amnesiac the Mummy Earth Elementalist began the quest for the Orb.
     0 | D:1      | Reached XP level 1. HP: 13/13 MP: 4/4
   244 | D:4      | Noticed a worker ant
   292 | D:4      | Noticed a slave
   319 | D:4      | Found a staircase to the Ecumenical Temple.
   331 | Temple   | Entered the Ecumenical Temple
   364 | Temple   | Became a worshipper of Ashenzari the Shackled
   502 | D:3      | Reached XP level 2. HP: 4/19 MP: 0/5
   506 | D:3      | Learned a level 2 spell: Passwall
   629 | D:3      | Reached XP level 3. HP: 12/24 MP: 1/7
  1477 | D:1      | Reached XP level 4. HP: 18/30 MP: 7/9
  2103 | D:2      | Found a faded altar of an unknown god.
  2557 | D:3      | Reached * piety under Ashenzari
  2962 | D:3      | Reached XP level 5. HP: 31/35 MP: 3/11
  3319 | D:4      | Noticed Pikel
  3320 | D:4      | Noticed a slave
  3320 | D:4      | Noticed a slave
  3341 | D:4      | Learned a level 4 spell: Petrify
  3526 | D:4      | Noticed a slave
  3554 | D:3      | Killed a slave
  3945 | D:4      | Killed a slave
  4084 | D:4      | Killed a slave
  4416 | D:4      | Identified the Papyrus of Intoxication
  4468 | D:4      | Killed a slave
  4858 | D:5      | Entered Level 5 of the Dungeon
  4859 | D:5      | Noticed an ogre
  4867 | D:5      | Killed an ogre
  4867 | D:5      | Reached skill level 1 in Short Blades
  4867 | D:5      | Reached skill level 1 in Shields
  4867 | D:5      | Reached XP level 6. HP: 41/41 MP: 5/13
  5022 | D:5      | Reached skill level 5 in Spellcasting
  5035 | D:5      | Reached skill level 5 in Earth Magic
  5074 | D:5      | Reached XP level 7. HP: 23/46 MP: 14/14
  6048 | D:6      | Found a sand-covered staircase.
  6053 | Ossuary  | Entered an ossuary
  6384 | D:6      | Reached XP level 8. HP: 52/52 MP: 12/17
  6663 | D:6      | Found a sacrificial altar of Ru.
  7002 | D:6      | Got the glaive "Zinko" {freeze, *Corrode rPois rF+++ Str-2}
  7275 | D:6      | Learned a level 5 spell: Lee's Rapid Deconstruction
  7279 | D:6      | Learned a level 3 spell: Stone Arrow
  7517 | D:6      | Identified the ring of Ybiunn {Fire Str+2 Int+3}
  7946 | D:6      | Killed Pikel
  7946 | D:6      | Reached XP level 9. HP: 46/57 MP: 2/21
  7979 | D:7      | Identified the ring "Zyl Vamu" {rElec rPois rF+ Int-2}
  8199 | D:7      | Reached ** piety under Ashenzari
  8442 | D:8      | Noticed a two-headed ogre
  8472 | D:8      | Noticed Maurice
  8484 | D:8      | Killed Maurice
  9154 | D:8      | Found a glowing silver altar of Zin.
  9154 | D:8      | Found a white marble altar of Elyvilon.
  9157 | D:8      | Found a glowing golden altar of the Shining One.
  9245 | D:8      | Killed a two-headed ogre
  9245 | D:8      | Reached XP level 10. HP: 63/63 MP: 5/23
  9910 | D:9      | Found Inkevot's Book Shoppe.
 10049 | D:9      | Got the uncursed scale mail of the Cricket {rC- MR+ rCorr}
 10072 | D:9      | Reached skill level 10 in Earth Magic
 10109 | D:9      | Reached skill level 10 in Spellcasting
 10130 | D:9      | Hit by a stone thrown by an orc warrior

Vault maps used:
D:1:      ebering_trefoil_twist
D:2:      chequers_ecumenical_altar_twisty
D:3:      lightli_sewer_entry_pipes
D:4:      minmay_temple_entry_purple_smoke, serial_forest,
          infiniplex_forest_straight_3, infiniplex_forest_clump_curved,
          infiniplex_forest_zigzag_1, infiniplex_forest_end_3,
          infiniplex_forest_fountain, infiniplex_forest_end_1,
          infiniplex_forest_end_double, infiniplex_forest_end_2,
          infiniplex_forest_lined_1, uniq_pikel
D:5:      first_ration
D:6:      hangedman_ru_absence, serial_undead, serial_undead_f, serial_undead_d,
          serial_undead_a, serial_undead_d, enter_ossuary_5
D:8:      good_gods_mini_temple, minmay_misc_feat_doors, grunt_pizzeria,
          kennysheep_generic_room_10, uniq_maurice
D:9:      chequers_temple_overflow_statue_of_worship, orc_0_dummy, serial_shops,
          nicolae_shop_trees
Temple:   nicolae_temple_elliptical
Ossuary:  ossuary_minmay_chase

Skill      XL: |  1  2  3  4  5  6  7  8  9 10 |
---------------+-------------------------------+-----
Spellcasting   | 3 4 5 6 8 9 10 | 10.0
Earth Magic    | 3 4 5 6 8 9 10 | 10.0
Short Blades   | 1 |  1.2
Shields        | 1 2 4 |  4.0
Dodging        | |  1.5
Stealth        | |  1.6
Transmutations | |  0.7

Action                   |  1- 3 |  4- 6 |  7- 9 | 10-12 || total
-------------------------+-------+-------+-------+-------++-------
Melee: Dagger            |    30 |   176 |   379 |       ||   585
       Staff             |       |       |    48 |       ||    48
Throw: Stone             |       |     1 |       |       ||     1
 Cast: Sandblast         |    54 |   103 |    64 |     3 ||   224
       Passwall          |     4 |       |       |       ||     4
       Petrify           |       |       |     5 |       ||     5
       Stone Arrow       |       |       |    50 |    33 ||    83
       Lee's Rapid Decon |       |       |     4 |       ||     4
Evoke: Wand              |       |       |     2 |     2 ||     4
 Stab: Sleeping          |     1 |     1 |     4 |       ||     6
       Petrified         |       |       |    18 |       ||    18
       Petrifying        |       |       |     1 |       ||     1
Armor: Robe              |    13 |    49 |   111 |     2 ||   175
Dodge: Dodged            |    41 |   162 |   205 |     8 ||   416
Block: Buckler           |       |       |    61 |     2 ||    63

Table legend:
 A = Spawn XP
 B = Non-spawn XP
 C = Spawn XP percentage of total XP
 D = Spawn monster count
 E = Non-spawn monster count
 F = Spawn count percentage of total count
 G = Total turns spent on level
                    A         B        C        D         E        F      G
               +---------+---------+-------+---------+---------+-------+---------
         Total |       0 |    6624 |   0.0 |       0 |     211 |   0.0 | 10130
               +---------+---------+-------+---------+---------+-------+---------
           D:1 |       0 |      47 |   0.0 |       0 |      24 |   0.0 |  1081
           D:2 |       0 |      56 |   0.0 |       0 |      16 |   0.0 |   544
           D:3 |       0 |     123 |   0.0 |       0 |      28 |   0.0 |  1732
           D:4 |       0 |      76 |   0.0 |       0 |       4 |   0.0 |  1477
           D:5 |       0 |     757 |   0.0 |       0 |      21 |   0.0 |  1101
           D:6 |       0 |    1780 |   0.0 |       0 |      45 |   0.0 |  1439
           D:7 |       0 |     797 |   0.0 |       0 |      18 |   0.0 |   676
           D:8 |       0 |    2657 |   0.0 |       0 |      29 |   0.0 |  1361
           D:9 |       0 |     204 |   0.0 |       0 |       5 |   0.0 |   230
       Ossuary |       0 |     127 |   0.0 |       0 |      21 |   0.0 |   325
               +---------+---------+-------+---------+---------+-------+---------
